[Event "11th Arad Open 2018"]
[Site "Arad"]
[Date "2018.08.08"]
[Round "5"]
[White "Zawadzka, Jolanta"]
[Black "Isfan, Ioan-Marius"]
[Result "1-0"]
[ECO "B28"]
[WhiteElo "2435"]
[BlackElo "1933"]
[Annotator "NA"]
[PlyCount "65"]
[EventDate "2018.08.05"]
[EventType "swiss"]
[EventCountry "ROU"]
[SourceTitle "playchess.com"]
[Source "ChessBase"]
[SourceQuality "1"]
[TimeControl "40/5400+30:1800+30"]

1. e4 c5 2. Nf3 a6 3. c3 e6 4. d4 d5 5. exd5 exd5 6. Bd3 h6 7. O-O Be6 8. Re1 Nd7 9. c4 Be7 10. cxd5 Bxd5 11. Nc3 Ngf6 12. Nxd5 Nxd5 13. Bc4 N7f6 14. dxc5 O-O 15. Qb3 Rc8 16. Rd1 Rxc5 17. Be3 Rxc4 18. Qxc4 Nxe3 19. fxe3 Qb6 20. Kh1 Bc5 21. Rd3 Re8 22. Rb3 Qc7 23. Rf1 b5 24. Qf4 Bd6 25. Qh4 Re4 26. Qh3 Qc4 27. g3 Bb4 28. Rd1 Ng4 29. Qf1 Qc6 30. Qe2 Rc4 31. Kg1 Rc2 32. Nd2 Bc5 33. Qxg4 1-0

[Event "11th Arad Open 2018"]
[Site "Arad"]
[Date "2018.08.08"]
[Round "5"]
[White "David, Alexandru-Vasile"]
[Black "Vujacic, Borivoje"]
[Result "1-0"]
[ECO "A28"]
[WhiteElo "2421"]
[BlackElo "2235"]
[Annotator "NA"]
[PlyCount "87"]
[EventDate "2018.08.05"]
[EventType "swiss"]
[EventCountry "ROU"]
[SourceTitle "playchess.com"]
[Source "ChessBase"]
[SourceQuality "1"]
[TimeControl "40/5400+30:1800+30"]

1. c4 e5 2. Nc3 Nf6 3. Nf3 Nc6 4. e3 Bb4 5. Qc2 O-O 6. Nd5 Re8 7. Qf5 d6 8. Nxf6+ Qxf6 9. Qxf6 gxf6 10. a3 Bc5 11. b4 Bb6 12. Bb2 a6 13. O-O-O Be6 14. d4 Ne7 15. Nd2 Bg4 16. f3 Bf5 17. g4 Bg6 18. h4 h6 19. f4 exf4 20. exf4 h5 21. f5 Bh7 22. Ne4 Nd5 23. Re1 hxg4 24. cxd5 Kf8 25. Bg2 Bxf5 26. Nxf6 Rxe1+ 27. Rxe1 Kg7 28. Nh5+ Kg6 29. Ng3 Bd3 30. Kd2 Bb5 31. Be4+ Kg7 32. Bd3 Bd7 33. Nh5+ Kh6 34. Nf6 Ba4 35. Kc3 Rh8 36. Bc1+ Kg7 37. Bg5 c5 38. Nxg4 Rc8 39. Bf6+ Kf8 40. dxc5 dxc5 41. Bf5 cxb4+ 42. Kxb4 Re8 43. Rxe8+ Bxe8 44. h5 1-0

[Event "11th Arad Open 2018"]
[Site "Arad"]
[Date "2018.08.08"]
[Round "5"]
[White "Petrisor, Adrian-Marian"]
[Black "Geiger, Alex-Emanuel"]
[Result "1-0"]
[ECO "A04"]
[WhiteElo "2416"]
[BlackElo "2229"]
[Annotator "NA"]
[PlyCount "71"]
[EventDate "2018.08.05"]
[EventType "swiss"]
[EventCountry "ROU"]
[SourceTitle "playchess.com"]
[Source "ChessBase"]
[SourceQuality "1"]
[TimeControl "40/5400+30:1800+30"]

1. Nf3 c5 2. b3 Nc6 3. Bb2 d5 4. e3 e6 5. Bb5 Bd7 6. O-O Nf6 7. c4 Be7 8. cxd5 exd5 9. d4 cxd4 10. Nxd4 O-O 11. Nc3 Bc5 12. Bxc6 bxc6 13. Qd3 Re8 14. Rac1 Bf8 15. Na4 Rc8 16. Nc5 Bxc5 17. Rxc5 Ne4 18. Rcc1 Qa5 19. f3 Nc5 20. Qc2 Nb7 21. Nf5 f6 22. e4 Bxf5 23. exf5 Nd6 24. Bd4 Nb7 25. g4 c5 26. Bf2 Qb5 27. Rfe1 Rxe1+ 28. Rxe1 Re8 29. Re6 Kf7 30. a4 Qd7 31. Ra6 d4 32. Rxa7 Kg8 33. Qc4+ Kh8 34. Qa6 Re7 35. Ra8+ Nd8 36. Qc8 1-0

[Event "11th Arad Open 2018"]
[Site "Arad"]
[Date "2018.08.08"]
[Round "5"]
[White "Roubalik, Jakub"]
[Black "Martian, Dragos-Daniel"]
[Result "1-0"]
[ECO "E11"]
[WhiteElo "2402"]
[BlackElo "2223"]
[Annotator "NA"]
[PlyCount "73"]
[EventDate "2018.08.05"]
[EventType "swiss"]
[EventCountry "ROU"]
[SourceTitle "playchess.com"]
[Source "ChessBase"]
[SourceQuality "1"]
[TimeControl "40/5400+30:1800+30"]

1. d4 Nf6 2. c4 e6 3. Nf3 Bb4+ 4. Nbd2 O-O 5. a3 Bxd2+ 6. Bxd2 h6 7. Qc2 d6 8. Bc3 Nbd7 9. e3 Qe7 10. Be2 e5 11. O-O Re8 12. Rae1 e4 13. Nd2 d5 14. f3 c6 15. fxe4 Nxe4 16. Nxe4 dxe4 17. Rf4 Nf8 18. Bb4 Qg5 19. Rxe4 Qg6 20. Rxe8 Qxc2 21. Rxf8+ Kh7 22. Rxf7 Be6 23. Rxb7 Bxc4 24. Bxc4 Qxc4 25. Bc3 Qa6 26. Re7 Rg8 27. Rf1 Qe2 28. h3 h5 29. Rf2 Qd3 30. Kh2 a6 31. Rff7 Kh6 32. Re6+ Kh7 33. Re5 Kg6 34. Rc7 Rf8 35. Ree7 Rf1 36. Rxc6+ Kf5 37. Re5# 1-0

[Event "11th Arad Open 2018"]
[Site "Arad"]
[Date "2018.08.08"]
[Round "5"]
[White "Soltanici, Ruslan"]
[Black "Bucur, Denisa-Andreea"]
[Result "1-0"]
[ECO "B43"]
[WhiteElo "2383"]
[BlackElo "2077"]
[Annotator "NA"]
[PlyCount "49"]
[EventDate "2018.08.05"]
[EventType "swiss"]
[EventCountry "ROU"]
[SourceTitle "playchess.com"]
[Source "ChessBase"]
[SourceQuality "1"]
[TimeControl "40/5400+30:1800+30"]

1. e4 c5 2. Nf3 e6 3. d4 cxd4 4. Nxd4 a6 5. Nc3 Qc7 6. Bd3 Nf6 7. f4 d6 8. Qf3 b5 9. g4 Bb7 10. g5 Nfd7 11. Be3 Nc5 12. a3 Nbd7 13. O-O-O Rc8 14. Kb1 Nb6 15. Rhe1 Nca4 16. Nxa4 Nxa4 17. Qh3 g6 18. f5 e5 19. fxg6 fxg6 20. Ne6 Qd7 21. Rf1 Rc6 22. Rf6 Be7 23. Rxg6 Nc5 24. Qh5 Bf8 25. Rf6+ 1-0

[Event "11th Arad Open 2018"]
[Site "Arad"]
[Date "2018.08.08"]
[Round "5"]
[White "Peptan, Corina-Isabela"]
[Black "Vachylia, Andrii"]
[Result "1/2-1/2"]
[ECO "E67"]
[WhiteElo "2380"]
[BlackElo "2192"]
[Annotator "NA"]
[PlyCount "108"]
[EventDate "2018.08.05"]
[EventType "swiss"]
[EventCountry "ROU"]
[SourceTitle "playchess.com"]
[Source "ChessBase"]
[SourceQuality "1"]
[TimeControl "40/5400+30:1800+30"]

1. c4 Nf6 2. Nc3 g6 3. g3 Bg7 4. Bg2 O-O 5. d4 d6 6. Nf3 Nbd7 7. O-O e5 8. dxe5 dxe5 9. Be3 c6 10. Qc1 Re8 11. h3 Qe7 12. Rd1 a5 13. Nd2 Nc5 14. Nb3 Ne6 15. Na4 Nd7 16. c5 h5 17. h4 Ra6 18. Qc4 Nf6 19. Nb6 Ng4 20. Bd2 a4 21. Nxa4 Nf4 22. Nc3 Nxg2 23. Kxg2 e4 24. Bg5 Bf6 25. Bxf6 Qxf6 26. Qd4 Qf5 27. Rf1 e3 28. f3 Nf2 29. Rxf2 exf2 30. Kxf2 Qh3 31. Rg1 Bf5 32. Nd2 Raa8 33. Nc4 Rad8 34. Nd6 Qh2+ 35. Rg2 Qh1 36. Rg1 Qh2+ 37. Rg2 Qh1 38. a3 Qc1 39. Nd1 Bd3 40. Nc3 Bxe2 41. Nxe2 Qc2 42. Qc4 Rxe2+ 43. Qxe2 Qxc5+ 44. Qe3 Qxd6 45. Kg1 Qd4 46. Qxd4 Rxd4 47. Rf2 Rd3 48. Kf1 Rb3 49. Ke1 Kg7 50. Kd1 Kf6 51. Kc2 Re3 52. Kd2 Rb3 53. Kc2 Re3 54. Kd2 Rb3 1/2-1/2

[Event "11th Arad Open 2018"]
[Site "Arad"]
[Date "2018.08.08"]
[Round "5"]
[White "Farkas, Gabor"]
[Black "Stany, G A"]
[Result "0-1"]
[ECO "D79"]
[WhiteElo "2366"]
[BlackElo "2494"]
[Annotator "ChessBase"]
[PlyCount "54"]
[EventDate "2018.08.05"]
[EventType "swiss"]
[EventCountry "ROU"]
[SourceTitle "playchess.com"]
[Source "ChessBase"]
[SourceQuality "1"]
[TimeControl "40/5400+30:1800+30"]

1. Nf3 Nf6 2. g3 d5 3. Bg2 g6 4. O-O Bg7 5. d4 O-O 6. c4 c6 7. cxd5 cxd5 8. Nc3 Nc6 9. Ne5 Bf5 10. Bf4 Ne4 11. Nxc6 bxc6 12. Nxe4 Bxe4 13. f3 Bf5 14. Qd2 Qb6 15. Rfd1 c5 16. Be3 c4 17. Bf4 a5 18. Kh1 a4 19. a3 Ra5 20. Qb4 Rb5 21. Qxe7 Rxb2 22. e4 dxe4 23. fxe4 Bg4 24. Rf1 Rxg2 25. Kxg2 Qb2+ 26. Kh1 Bh3 27. Rg1 Qf2 0-1

[Event "11th Arad Open 2018"]
[Site "Arad"]
[Date "2018.08.08"]
[Round "5"]
[White "Dobre, Claudiu-Cristian"]
[Black "Paraschiv, Paul-Alexandru"]
[Result "1-0"]
[ECO "A21"]
[WhiteElo "2356"]
[BlackElo "2074"]
[Annotator "NA"]
[PlyCount "63"]
[EventDate "2018.08.05"]
[EventType "swiss"]
[EventCountry "ROU"]
[SourceTitle "playchess.com"]
[Source "ChessBase"]
[SourceQuality "1"]
[TimeControl "40/5400+30:1800+30"]

1. c4 e5 2. Nc3 Bb4 3. Nd5 a5 4. b3 c6 5. Nxb4 axb4 6. Bb2 Qe7 7. d4 d6 8. dxe5 dxe5 9. e3 Nf6 10. Ne2 Bg4 11. Qc2 O-O 12. Ng3 Nbd7 13. h3 Be6 14. Be2 Ra5 15. O-O Qc5 16. Kh2 Rfa8 17. f4 exf4 18. exf4 h5 19. f5 h4 20. fxe6 hxg3+ 21. Kh1 fxe6 22. Bxf6 Nxf6 23. Rxf6 gxf6 24. Qg6+ Kh8 25. Qxf6+ Kg8 26. Qg6+ Kh8 27. Qh6+ Kg8 28. Bg4 Kf7 29. Rf1+ Qf2 30. Rxf2+ gxf2 31. Qf4+ Ke8 32. Qf6 1-0

[Event "11th Arad Open 2018"]
[Site "Arad"]
[Date "2018.08.08"]
[Round "5"]
[White "Toma, Radu-Cristian"]
[Black "Swayams, Mishra"]
[Result "1/2-1/2"]
[ECO "A05"]
[WhiteElo "2354"]
[BlackElo "2467"]
[Annotator "ChessBase"]
[PlyCount "53"]
[EventDate "2018.08.05"]
[EventType "swiss"]
[EventCountry "ROU"]
[SourceTitle "playchess.com"]
[Source "ChessBase"]
[SourceQuality "1"]
[TimeControl "40/5400+30:1800+30"]

1. Nf3 Nf6 2. g3 c5 3. Bg2 g6 4. O-O Bg7 5. b3 O-O 6. Bb2 Nc6 7. c4 d6 8. d4 Bf5 9. Nc3 Rc8 10. dxc5 dxc5 11. Nh4 Be6 12. Nd5 Nxd5 13. Bxg7 Ne3 14. fxe3 Kxg7 15. Qc2 Qc7 16. Bxc6 Qxc6 17. Rfd1 Rfd8 18. Rxd8 Rxd8 19. Rd1 Rxd1+ 20. Qxd1 Qe4 21. Qd3 Qe5 22. Kf2 Bh3 23. Nf3 Qa1 24. e4 Qxa2 25. Qd5 Qxb3 26. Qe5+ Kg8 27. Qb8+ 1/2-1/2

[Event "11th Arad Open 2018"]
[Site "Arad"]
[Date "2018.08.08"]
[Round "5"]
[White "Posedaru, Bogdan"]
[Black "Creanga, Robert-Ionut"]
[Result "1-0"]
[ECO "A61"]
[WhiteElo "2326"]
[BlackElo "2069"]
[Annotator "NA"]
[PlyCount "77"]
[EventDate "2018.08.05"]
[EventType "swiss"]
[EventCountry "ROU"]
[SourceTitle "playchess.com"]
[Source "ChessBase"]
[SourceQuality "1"]
[TimeControl "40/5400+30:1800+30"]

1. d4 Nf6 2. c4 e6 3. Nf3 c5 4. d5 d6 5. Nc3 exd5 6. cxd5 g6 7. Bf4 a6 8. a4 Bg7 9. h3 O-O 10. e3 Ne8 11. Be2 Nd7 12. O-O b6 13. Nd2 Qe7 14. Nc4 Rb8 15. Qb3 f5 16. Rae1 Kh8 17. Bg3 Be5 18. f4 Bxc3 19. Qxc3+ Ndf6 20. Bf3 Kg8 21. Bh4 Bd7 22. g4 Qf7 23. gxf5 gxf5 24. Qd3 b5 25. axb5 axb5 26. Nd2 Nc7 27. Kh2 b4 28. Nc4 Nb5 29. Ne5 Qe7 30. Rg1+ Kh8 31. Nxd7 Qxd7 32. Rg5 Ng8 33. Reg1 h6 34. Rxg8+ Rxg8 35. Bf6+ Kh7 36. Be4 Rxg1 37. Bxf5+ Qxf5 38. Qxf5+ Rg6 39. h4 1-0

[Event "11th Arad Open 2018"]
[Site "Arad"]
[Date "2018.08.08"]
[Round "5"]
[White "Cerovic, Danilo"]
[Black "Miloi, Pavel-Dan"]
[Result "1/2-1/2"]
[ECO "A33"]
[WhiteElo "2320"]
[BlackElo "2047"]
[Annotator "NA"]
[PlyCount "47"]
[EventDate "2018.08.05"]
[EventType "swiss"]
[EventCountry "ROU"]
[SourceTitle "playchess.com"]
[Source "ChessBase"]
[SourceQuality "1"]
[TimeControl "40/5400+30:1800+30"]

1. Nf3 c5 2. c4 Nc6 3. d4 cxd4 4. Nxd4 Nf6 5. Nc3 e6 6. Bf4 a6 7. e3 Bb4 8. Be2 O-O 9. O-O Bxc3 10. bxc3 d5 11. Nxc6 bxc6 12. cxd5 Nxd5 13. Bf3 Nxf4 14. Qxd8 Rxd8 15. exf4 Bd7 16. Rfd1 Rab8 17. Kf1 c5 18. Ke2 Kf8 19. Ke3 Ke7 20. Rab1 Bb5 21. Be4 Rxd1 22. Rxd1 Bc4 23. Rb1 Rxb1 24. Bxb1 1/2-1/2

[Event "11th Arad Open 2018"]
[Site "Arad"]
[Date "2018.08.08"]
[Round "5"]
[White "Banzea, Alexandru-Bogdan"]
[Black "Ursan, Petru-Sebastian"]
[Result "1/2-1/2"]
[ECO "B35"]
[WhiteElo "2313"]
[BlackElo "2147"]
[Annotator "NA"]
[PlyCount "82"]
[EventDate "2018.08.05"]
[EventType "swiss"]
[EventCountry "ROU"]
[SourceTitle "playchess.com"]
[Source "ChessBase"]
[SourceQuality "1"]
[TimeControl "40/5400+30:1800+30"]

1. e4 c5 2. Nf3 g6 3. d4 cxd4 4. Nxd4 Nc6 5. Nc3 Bg7 6. Be3 Nf6 7. Bc4 O-O 8. Bb3 Re8 9. h4 e6 10. h5 d5 11. hxg6 hxg6 12. Nxc6 bxc6 13. e5 Nd7 14. f4 c5 15. Bf2 Rb8 16. Qf3 d4 17. Ne4 Bb7 18. Qe2 Bxe4 19. Qxe4 Qa5+ 20. Kf1 Nb6 21. Qd3 c4 22. Bxc4 Nxc4 23. Qxc4 Rxb2 24. Bxd4 Rb4 25. Qd3 Rd8 26. c3 Rb2 27. Qc4 Bf8 28. Rh3 a6 29. Rf3 Rdb8 30. Kg1 Rc2 31. Rf2 Rbb2 32. Rxc2 Rxc2 33. a4 Qd8 34. Qd3 Rb2 35. Rb1 Ra2 36. Qc4 Rd2 37. Be3 Rc2 38. Qd4 Qa8 39. Bf2 Qc8 40. Rd1 Rxc3 41. Qd8 Qc4 1/2-1/2

[Event "11th Arad Open 2018"]
[Site "Arad"]
[Date "2018.08.08"]
[Round "5"]
[White "Vasiesiu, Victor"]
[Black "Magold, Victor"]
[Result "0-1"]
[ECO "B30"]
[WhiteElo "2297"]
[BlackElo "2032"]
[Annotator "NA"]
[PlyCount "140"]
[EventDate "2018.08.05"]
[EventType "swiss"]
[EventCountry "ROU"]
[SourceTitle "playchess.com"]
[Source "ChessBase"]
[SourceQuality "1"]
[TimeControl "40/5400+30:1800+30"]

1. e4 c5 2. Nf3 Nc6 3. Bb5 Na5 4. d4 a6 5. Be2 cxd4 6. Nxd4 b5 7. O-O Bb7 8. Bf3 Qc7 9. Nc3 e6 10. e5 Bc5 11. Bxb7 Nxb7 12. Bf4 Ne7 13. Nf3 Ng6 14. Bg3 d5 15. Nd4 h5 16. h3 Ne7 17. Nce2 Qb6 18. c3 h4 19. Bh2 Bxd4 20. Nxd4 Nc5 21. Qg4 g6 22. Bf4 Nd3 23. Bg5 Nxe5 24. Qf4 Nd7 25. Bf6 Rh5 26. Rae1 Nxf6 27. Qxf6 Ng8 28. Qg7 Ne7 29. Qf6 Ng8 30. Qg7 Ne7 31. Nf3 Ra7 32. Ne5 Rxe5 33. Qxe5 Nf5 34. Rd1 Rc7 35. Rxd5 Rc6 36. Qh8+ Ke7 37. Rd2 Rd6 38. Rfd1 Rxd2 39. Rxd2 Qc7 40. Qa8 a5 41. Qe4 Kf6 42. a4 bxa4 43. Qxa4 Qe5 44. Qd1 g5 45. Re2 Qf4 46. Qc2 Qd6 47. b3 Qc5 48. Qb2 Kg6 49. b4 axb4 50. cxb4 Qd5 51. Qe5 Qc4 52. Qe4 Qb5 53. Rc2 Kh6 54. Qc4 Qe5 55. Qe2 Qd4 56. Qd2 Qb6 57. Rc5 Kg6 58. Kf1 f6 59. Qc3 e5 60. Rc6 Qb5+ 61. Kg1 Nd4 62. Rxf6+ Kxf6 63. Qc8 Qxb4 64. Qh8+ Ke6 65. Qg8+ Kd7 66. Qxg5 Qe1+ 67. Kh2 Qxf2 68. Qg7+ Kd6 69. Qg6+ Kc5 70. Qg4 Qf4+ 0-1

[Event "11th Arad Open 2018"]
[Site "Arad"]
[Date "2018.08.08"]
[Round "5"]
[White "Velickovic, Sasa"]
[Black "Albu, George"]
[Result "1/2-1/2"]
[ECO "B40"]
[WhiteElo "2290"]
[BlackElo "2016"]
[Annotator "NA"]
[PlyCount "76"]
[EventDate "2018.08.05"]
[EventType "swiss"]
[EventCountry "ROU"]
[SourceTitle "playchess.com"]
[Source "ChessBase"]
[SourceQuality "1"]
[TimeControl "40/5400+30:1800+30"]

1. e4 c5 2. Nf3 e6 3. Qe2 a6 4. g3 Nc6 5. Bg2 b5 6. O-O Bb7 7. a4 b4 8. Rd1 Qc7 9. d3 Rc8 10. c3 Nf6 11. Nbd2 d5 12. exd5 Nxd5 13. Ne4 bxc3 14. bxc3 Na5 15. c4 Nb4 16. Bf4 Qb6 17. Rab1 Rd8 18. Ne5 Be7 19. Qg4 g6 20. Bg5 Bxe4 21. Bxe7 Kxe7 22. Qxe4 Rd4 23. Qe3 f6 24. Qh6 fxe5 25. Qg7+ Kd6 26. Qxh8 Qc7 27. Be4 Nac6 28. h4 Qf7 29. Qa8 Qc7 30. Bxc6 Qxc6 31. Qf8+ Kc7 32. Qg7+ Kd6 33. Qxh7 Qf3 34. Rf1 Rg4 35. Kh2 g5 36. Qh8 Rxh4+ 37. gxh4 Qf4+ 38. Kg2 Qg4+ 1/2-1/2

[Event "11th Arad Open 2018"]
[Site "Arad"]
[Date "2018.08.08"]
[Round "5"]
[White "Patrascu, Catalin-Lucian"]
[Black "Olariu, Luca-Stefan"]
[Result "1-0"]
[ECO "B31"]
[WhiteElo "2286"]
[BlackElo "2019"]
[Annotator "NA"]
[PlyCount "75"]
[EventDate "2018.08.05"]
[EventType "swiss"]
[EventCountry "ROU"]
[SourceTitle "playchess.com"]
[Source "ChessBase"]
[SourceQuality "1"]
[TimeControl "40/5400+30:1800+30"]

1. e4 c5 2. Nf3 Nc6 3. Bb5 g6 4. Bxc6 dxc6 5. d3 Bg7 6. h3 Nf6 7. Nc3 O-O 8. Bf4 b5 9. Qd2 a5 10. Bh6 Qc7 11. Qg5 c4 12. Bxg7 Kxg7 13. O-O Be6 14. Nd4 Qd7 15. Nce2 cxd3 16. cxd3 Rfd8 17. Qe5 Rac8 18. Rfc1 Kg8 19. Rc5 Qc7 20. Qxc7 Rxc7 21. f3 Kf8 22. a3 Nh5 23. Kf2 Bd7 24. Rac1 Rb7 25. Ke3 Nf6 26. Nxc6 Bxc6 27. Rxc6 Rdd7 28. Rc8+ Kg7 29. R1c5 a4 30. Ra8 Rd6 31. g4 Nd7 32. Rcc8 Nb6 33. Rg8+ Kf6 34. Rad8 Rc6 35. Nd4 Rc5 36. f4 Nd5+ 37. Rxd5 Rxd5 38. exd5 1-0

[Event "11th Arad Open 2018"]
[Site "Arad"]
[Date "2018.08.08"]
[Round "5"]
[White "Terbe, Julianna"]
[Black "Secheres, Adrian-Simion"]
[Result "0-1"]
[ECO "A45"]
[WhiteElo "2234"]
[BlackElo "2407"]
[Annotator "NA"]
[PlyCount "88"]
[EventDate "2018.08.05"]
[EventType "swiss"]
[EventCountry "ROU"]
[SourceTitle "playchess.com"]
[Source "ChessBase"]
[SourceQuality "1"]
[TimeControl "40/5400+30:1800+30"]

1. d4 Nf6 2. Bf4 g6 3. e3 Bg7 4. Nf3 O-O 5. Be2 d6 6. h3 c5 7. O-O b6 8. c3 Bb7 9. Nbd2 Nbd7 10. a4 a6 11. Bh2 Qc7 12. Bd3 cxd4 13. exd4 Bc6 14. Re1 Rfe8 15. Qb3 Bd5 16. c4 Bb7 17. a5 bxa5 18. Qa3 e5 19. Bf1 Bf8 20. d5 a4 21. Qxa4 a5 22. b4 axb4 23. Qxb4 Nc5 24. Nb3 Nxb3 25. Qxb3 Nd7 26. Nd2 Nc5 27. Qe3 Reb8 28. f4 Bh6 29. Qf2 Rxa1 30. Rxa1 e4 31. Ra3 Re8 32. Be2 Qb6 33. Nf1 Qb2 34. Ra5 Bg7 35. Rb5 Qc3 36. Qg3 Bd4+ 37. Kh1 Qc2 38. Qe1 Ra8 39. Rb1 Ra2 40. Ng3 Nd3 41. Qf1 Nf2+ 42. Kg1 Nxh3+ 43. Kh1 Nf2+ 44. Kg1 Nd1+ 0-1

[Event "11th Arad Open 2018"]
[Site "Arad"]
[Date "2018.08.08"]
[Round "5"]
[White "Weinzettl, Ernst"]
[Black "Abramovic, Bosko"]
[Result "1-0"]
[ECO "B28"]
[WhiteElo "2215"]
[BlackElo "2400"]
[Annotator "NA"]
[PlyCount "62"]
[EventDate "2018.08.05"]
[EventType "swiss"]
[EventCountry "ROU"]
[SourceTitle "playchess.com"]
[Source "ChessBase"]
[SourceQuality "1"]
[TimeControl "40/5400+30:1800+30"]

1. e4 c5 2. Nf3 a6 3. Nc3 Nc6 4. d4 cxd4 5. Nxd4 e5 6. Nf5 d6 7. Nd5 Be6 8. Bc4 g6 9. Ng3 Bg7 10. Be3 Rc8 11. Bb3 Nge7 12. Nb6 Rc7 13. Bxe6 fxe6 14. c3 Nc8 15. h4 h6 16. Qg4 Qf6 17. Rd1 h5 18. Qe2 Nxb6 19. Bxb6 Rd7 20. Be3 Bh6 21. Bxh6 Rxh6 22. Nf1 d5 23. Nd2 Rhh7 24. Nf3 Rhe7 25. O-O d4 26. Rd2 Rd8 27. Rfd1 Red7 28. Qc4 Rd6 29. Ng5 R8d7 30. Rd3 Qe7 31. Kh2 dxc3 1-0

[Event "11th Arad Open 2018"]
[Site "Arad"]
[Date "2018.08.08"]
[Round "5"]
[White "Zubcu, Vlad-George"]
[Black "Bogdan, Dan"]
[Result "1/2-1/2"]
[ECO "A45"]
[WhiteElo "2202"]
[BlackElo "2382"]
[Annotator "NA"]
[PlyCount "28"]
[EventDate "2018.08.05"]
[EventType "swiss"]
[EventCountry "ROU"]
[SourceTitle "playchess.com"]
[Source "ChessBase"]
[SourceQuality "1"]
[TimeControl "40/5400+30:1800+30"]

1. d4 Nf6 2. Bg5 Ne4 3. Bf4 d5 4. f3 Nf6 5. e4 dxe4 6. Nc3 e3 7. Bxe3 c6 8. Bd3 Nbd7 9. Qe2 Nb6 10. Ne4 Nbd5 11. Bd2 e6 12. c3 Be7 13. Nh3 Qc7 14. O-O Qd8 1/2-1/2

[Event "11th Arad Open 2018"]
[Site "Arad"]
[Date "2018.08.08"]
[Round "5"]
[White "Scripcaru, George-Daniel"]
[Black "Baratosi, Daniel"]
[Result "1/2-1/2"]
[ECO "D08"]
[WhiteElo "2177"]
[BlackElo "2371"]
[Annotator "NA"]
[PlyCount "139"]
[EventDate "2018.08.05"]
[EventType "swiss"]
[EventCountry "ROU"]
[SourceTitle "playchess.com"]
[Source "ChessBase"]
[SourceQuality "1"]
[TimeControl "40/5400+30:1800+30"]

1. d4 d5 2. c4 e5 3. dxe5 d4 4. Nf3 Nc6 5. a3 Bg4 6. Nbd2 a5 7. h3 Bh5 8. Qa4 Nge7 9. Ne4 Bg6 10. Nc5 b6 11. Nd3 Qd7 12. g3 Be4 13. Bg2 Nxe5 14. Qxd7+ Nxd7 15. O-O c5 16. Rd1 g6 17. Nxd4 Bxg2 18. Nb5 Bg7 19. Nd6+ Kf8 20. Kxg2 Nc6 21. Be3 Nd4 22. Bxd4 cxd4 23. a4 Ke7 24. Nb5 Rac8 25. b3 g5 26. Rab1 Rhd8 27. Ne1 Nc5 28. Nf3 Ne6 29. h4 h6 30. hxg5 hxg5 31. Ne1 Rd7 32. Nd3 Kf6 33. Na3 Bf8 34. Nc2 Nc5 35. Nxc5 bxc5 36. Rd3 Ke5 37. e3 Ke4 38. Rbd1 Rcd8 39. f3+ Ke5 40. exd4+ cxd4 41. Re1+ Kf5 42. Re4 Bc5 43. Kf1 f6 44. Kg2 Kg6 45. Re6 Kf7 46. Rc6 Re7 47. Rxc5 Re2+ 48. Kh3 Rxc2 49. Rd5 Rh8+ 50. Kg4 Kg6 51. f4 gxf4 52. Kxf4 Re2 53. R5xd4 Rhe8 54. Kf3 f5 55. g4 fxg4+ 56. Rxg4+ Kf5 57. Rd5+ Kf6 58. Rf4+ Kg6 59. Rd3 Re1 60. Kg2 Kg5 61. Rf2 Rb1 62. Rg3+ Kh4 63. Rf4+ Kh5 64. Rf2 Ree1 65. Rc3 Kg4 66. Rg3+ Kh4 67. Rh3+ Kg4 68. Rg3+ Kh4 69. Rf4+ Kh5 70. Rf5+ 1/2-1/2

[Event "11th Arad Open 2018"]
[Site "Arad"]
[Date "2018.08.08"]
[Round "5"]
[White "Dumitru, Matei-Ioan"]
[Black "Abramciuc, Marius"]
[Result "1/2-1/2"]
[ECO "C54"]
[WhiteElo "2150"]
[BlackElo "2357"]
[Annotator "NA"]
[PlyCount "130"]
[EventDate "2018.08.05"]
[EventType "swiss"]
[EventCountry "ROU"]
[SourceTitle "playchess.com"]
[Source "ChessBase"]
[SourceQuality "1"]
[TimeControl "40/5400+30:1800+30"]

1. e4 e5 2. Nf3 Nc6 3. Bc4 Bc5 4. c3 Nf6 5. d3 d6 6. Nbd2 a6 7. Bb3 Ba7 8. O-O h6 9. Re1 Be6 10. Nf1 O-O 11. h3 Re8 12. Be3 Bxe3 13. Nxe3 d5 14. exd5 Nxd5 15. Nc4 Nf4 16. Ncxe5 Nxe5 17. Rxe5 Nxd3 18. Re3 Nf4 19. Bxe6 Rxe6 20. Rxe6 Nxe6 21. Qb3 b6 22. Rd1 Qf6 23. Qc4 a5 24. Qc6 Rd8 25. Rxd8+ Qxd8 26. g3 Qf6 27. Qa8+ Kh7 28. Qe4+ g6 29. Kg2 Nc5 30. Qc4 Qf5 31. b4 Ne6 32. h4 g5 33. hxg5 hxg5 34. Nd2 Kg7 35. Qe4 Qf6 36. bxa5 bxa5 37. c4 Qb2 38. Nf3 Qxa2 39. Qe5+ Kf8 40. Nxg5 Qxc4 41. Nxe6+ fxe6 42. Qxa5 c5 43. Qd2 Ke7 44. Kf3 Qb3+ 45. Ke4 c4 46. Kd4 e5+ 47. Kxe5 c3 48. Qd6+ Ke8 49. Qg6+ Kd7 50. Qd3+ Kc8 51. Kd4 Qb4+ 52. Kd5 Qb2 53. Qc4+ Kb7 54. Qc6+ Kb8 55. Qe8+ Ka7 56. Qa4+ Kb6 57. Qc6+ Ka7 58. Qa4+ Kb8 59. Qe8+ Kc7 60. Qc6+ Kd8 61. Qd6+ Kc8 62. Qc6+ Kb8 63. Qe8+ Ka7 64. Qa4+ Kb6 65. Qc6+ Ka7 1/2-1/2

[Event "11th Arad Open 2018"]
[Site "Arad"]
[Date "2018.08.08"]
[Round "5"]
[White "Mozes, Ervin"]
[Black "Balla, Tamas-Kristof"]
[Result "1/2-1/2"]
[ECO "B22"]
[WhiteElo "2143"]
[BlackElo "2352"]
[Annotator "NA"]
[PlyCount "41"]
[EventDate "2018.08.05"]
[EventType "swiss"]
[EventCountry "ROU"]
[SourceTitle "playchess.com"]
[Source "ChessBase"]
[SourceQuality "1"]
[TimeControl "40/5400+30:1800+30"]

1. e4 c5 2. c3 d6 3. g3 g6 4. Bg2 Bg7 5. Ne2 Qc7 6. O-O b6 7. d4 Bb7 8. h3 Nd7 9. Be3 e6 10. Na3 a6 11. Qd2 Ngf6 12. f3 O-O 13. g4 b5 14. Ng3 e5 15. Rad1 cxd4 16. cxd4 exd4 17. Bxd4 d5 18. f4 dxe4 19. g5 Nd5 20. Bxg7 Kxg7 21. Qd4+ 1/2-1/2

[Event "11th Arad Open 2018"]
[Site "Arad"]
[Date "2018.08.08"]
[Round "5"]
[White "Talu, Mircea"]
[Black "Stoleriu, George"]
[Result "1/2-1/2"]
[ECO "E11"]
[WhiteElo "2092"]
[BlackElo "2392"]
[Annotator "NA"]
[PlyCount "160"]
[EventDate "2018.08.05"]
[EventType "swiss"]
[EventCountry "ROU"]
[SourceTitle "playchess.com"]
[Source "ChessBase"]
[SourceQuality "1"]
[TimeControl "40/5400+30:1800+30"]

1. d4 Nf6 2. c4 e6 3. Nf3 Bb4+ 4. Nbd2 b6 5. a3 Bxd2+ 6. Qxd2 Bb7 7. e3 a5 8. b3 O-O 9. Be2 d6 10. O-O Nbd7 11. Bb2 Ne4 12. Qc2 Ng5 13. Nd2 f5 14. f3 Qe8 15. Rae1 Qg6 16. Bd3 Rae8 17. h4 Nf7 18. e4 f4 19. Nb1 e5 20. b4 axb4 21. axb4 exd4 22. e5 Qh6 23. e6 Rxe6 24. Rxe6 Qxe6 25. Bxh7+ Kh8 26. Bxd4 Nfe5 27. Nd2 c5 28. bxc5 bxc5 29. Bb2 Ba6 30. Rd1 Bxc4 31. Be4 Bb5 32. Nb1 Nb6 33. Nc3 Bc4 34. Qd2 Nc8 35. Nd5 Qf7 36. Bxe5 dxe5 37. Qc3 Nd6 38. Qxe5 Nxe4 39. Qxe4 Bb3 40. Rd3 Bc2 41. Nxf4 Bxd3 42. Nxd3 Qf5 43. Qxf5 Rxf5 44. Kf2 c4 45. g4 Rd5 46. Ne1 c3 47. Ke2 Kh7 48. h5 Kg8 49. f4 Rd2+ 50. Ke3 Rh2 51. Kd3 Rf2 52. f5 Rf4 53. Kxc3 Rxg4 54. Nc2 Rg5 55. Ne3 Rxh5 56. Kd4 Kf7 57. Ke4 Ke7 58. Ke5 Rh1 59. Nd5+ Kd7 60. f6 Rh5+ 61. Ke4 g6 62. f7 Rf5 63. Nf4 Rxf7 64. Nxg6 Ke6 65. Nf4+ Kd6 66. Nd3 Re7+ 67. Kd4 Rh7 68. Ke4 Rh5 69. Nf4 Ra5 70. Ng6 Ra4+ 71. Kf5 Kd5 72. Nf4+ Kd4 73. Ne6+ Ke3 74. Ke5 Ra5+ 75. Kd6 Ke4 76. Nc5+ Kf5 77. Kd5 Ra1 78. Kd4 Rd1+ 79. Nd3 Rxd3+ 80. Kxd3 Ke5 {Ke4+} 1/2-1/2